 Dungeon Crawl Stone Soup version 0.31-a0-750-gfe7b580 (webtiles) character file.

Game seed: 12885793702543258133

7 Aggravatedjoe the Trooper (level 2, -29/19 HPs)
             Began as a Gargoyle Berserker on Sept 14, 2023.
             Was a Follower of Trog.
             Killed by an exploding kobold (44 damage)
             ... ignited by their inner flame
             ... on level 1 of the Dungeon.
             The game lasted 00:02:32 (379 turns).

Aggravatedjoe the Trooper (Gargoyle Berserker)       Turns: 379, Time: 00:02:33

Health: -29/19     AC:  5    Str: 20    XL:     2   Next: 0%
Magic:  2/2        EV: 11    Int:  7    God:    Trog [*.....]
Gold:   26         SH:  0    Dex:  9    Spells: 1/1 levels left

rFire   . . .        a - +0 mace
rCold   . . .        (no shield)
rNeg    + . .        b - +0 animal skin
rPois   ∞            (no helmet)
rElec   +            (no cloak)
rCorr   .            (no gloves)
SInv    .            (no boots)
Will    .....        (no amulet)
Stlth   +            (no ring)
HPRegen 0.23/turn    (no ring)
MPRegen 0.08/turn

%: no passive effects
@: no status effects
A: sickness immunity, AC +2, negative energy resistance 1, electricity
resistance, torment resistance 1, petrification resistance
a: Renounce Religion, Berserk


You were on level 1 of the Dungeon.
You worshipped Trog.
Trog was aware of your devotion.
You visited 1 branch of the dungeon, and saw 1 of its levels.

You collected 26 gold pieces.

Inventory:

Hand Weapons
 a - a +0 mace (weapon)
 d - a +0 hand axe
Missiles
 c - 4 stones
Armour
 b - a +0 animal skin (worn)
 f - a +0 scale mail


   Skills:
 + Level 3.5 Fighting
 + Level 3.2 Maces & Flails
 + Level 2.2 Armour
 + Level 1.6 Dodging


You had one spell level left.
You didn't know any spells.
Your spell library was empty.

Dungeon Overview and Level Annotations

Branches:
Dungeon (1/15)

Altars:


Innate Abilities, Weirdness & Mutations

You are immune to sickness and miasma.
Your stone body is resilient. (AC +2)
You are immune to poison.
You resist negative energy. (rN+)
You are resistant to electric shocks. (rElec)
You are resistant to unholy torment.
You are immune to petrification.


Message History

Found 5 gold pieces.
e - a scroll labelled TATWIFO VYONYQOR A bat comes into view.
The bat hits you. The bat barely misses you.
You see here a +0 scale mail.
You thump the bat!
You kill the bat!
Trog accepts your kill.
You see here a +0 scale mail.
f - a +0 scale mail You now have 16 gold pieces (gained 5).
You start waiting.
Done waiting.
Found a stone staircase leading down.
Found 10 gold pieces.
You now have 26 gold pieces (gained 10).
A kobold comes into view. It is wielding a +0 club.
The kobold shouts!
You hear a shout!
A kobold comes into view. It is wielding a +0 dagger.
The kobold hits you with a +0 club.
The kobold throws a stone.
The stone hits you but does no damage.
You sock the kobold!
You kill the kobold!
Trog accepts your kill.
You have reached level 2!
Okay, then.
Nothing quivered!
A kobold is nearby!
As you read the scroll labelled TATWIFO VYONYQOR, it crumbles to dust.
The creatures around you are filled with an inner flame!
It was a scroll of immolation.
You barely miss the kobold. The kobold barely misses you.
You barely miss the kobold. The kobold closely misses you.
You hit the kobold. Trog accepts your kill.
The kobold explodes!
The fiery explosion engulfs you!!!
Ouch! That really hurt!
You die...

## .# #..# .# ..# .# ..#
# .# ..#.# .##
..######.#.### ..##
#.#....§.§... .....#
#.#.....§#.####.
.###.#####.#..#.@§§......
...........#....####+####
.#####..###..##.# ...
............#
#######.###.###.#
................#
#######.##..#.#.#
#.#..##.#.# .>..### ..#


There were no monsters in sight!

Vanquished Creatures
  A ball python (D:1)
  An endoplasm (D:1)
  A hobgoblin (D:1)
  A quokka (D:1)
  A bat (D:1)
  2 kobolds (D:1)
7 creatures vanquished.

Notes
Turn   | Place    | Note
-------+----------+-------------------------------------------
     0 | D:1      | Aggravatedjoe the Gargoyle Berserker began the quest for
                  | the Orb.
     0 | D:1      | Reached XP level 1. HP: 14/14 MP: 1/1
   375 | D:1      | Reached XP level 2. HP: 14/19 MP: 2/2
   379 | D:1      | Killed by an exploding kobold... ignited by their inner
                  | flame

Illustrated notes

Levels and vault maps discovered:
D:1:      saegor_arrival_under_anarchy, layout_basic,
          hellmonk_ecumenical_altar_inner_sanctum, serial_shops, shop

Action                     || total
---------------------------++-------
  Melee: Mace              ||    20
    Use: Scroll            ||     1
 Armour: Animal skin       ||    10
  Dodge: Dodged            ||    11

Table legend: (Time is in decaauts)
 A = Elapsed time spent in this place.
 B = Non-inter-level travel time spent in this place.
 C = Inter-level travel time spent in this place.
 D = Time resting spent in this place.
 E = Time spent auto-exploring this place.
 F = Levels seen in this place.
 G = Mean time per level.
                   A        B        C        D        E       F      G
               +--------+--------+--------+--------+--------+-----+--------+
         Total |    383 |    383 |      0 |    200 |      0 |   1 |  383.0 |
       Dungeon |    383 |    383 |      0 |    200 |      0 |   1 |  383.0 |
               +--------+--------+--------+--------+--------+-----+--------+

Top non-repeatable levels by time:
     D:1: 383 daAuts
